 Dungeon Crawl Stone Soup version 0.16-a0-3758-g7fc8210 (console) character file.

1111 MarvinPA the Insei (level 8, -17/41 HPs)
             Began as a Vine Stalker Monk on Jan 23, 2015.
             Demolished by an orc warrior
             ... wielding a +0 scimitar
              (24 damage)
             ... on level 5 of the Dungeon.
             The game lasted 00:07:53 (3500 turns).

MarvinPA the Insei (Vine Stalker Monk)              Turns: 3500, Time: 00:07:53

Health: -17/41     AC:  4    Str: 14    XL:     8   Next: 33%
Magic:  0/11       EV: 14    Int: 10    God:
Gold:   291        SH:  6    Dex: 19    Spells: 1 memorised, 5 levels left

rFire  . . .     SeeInvis +       - Unarmed
rCold  . . .     Clarity  .     a - +0 robe
rNeg   . . .     SustAb   .     s - +0 buckler
rPois  +         Gourm    .     k - +0 helmet
rElec  .         Spirit   +     t - +0 cloak
rCorr  .         Warding  .     (no gloves)
rMut   .         Stasis   .     (no boots)
MR     +....                    l - amulet of regeneration
Stlth  ++........               A - ring of see invisible
                                e - ring of poison resistance

@: somewhat resistant to hostile enchantments, unstealthy
A: fangs 3, regeneration 2, magic shield, antimagic bite, no device heal 3, rot
immunity
a: no special abilities


You were on level 5 of the Dungeon.
You were very hungry.

You visited 1 branch of the dungeon, and saw 5 of its levels.

You collected 291 gold pieces.


Innate Abilities, Weirdness & Mutations

You have razor-sharp teeth.
You heal very quickly.
When hurt, damage is shared between your health and your magic reserves.
Your bite disrupts and absorbs the magic of your enemies.
Potions and wands cannot restore your health.
You are immune to rotting.


   Skills:
 - Level 3.6 Fighting
 + Level 2.9 Dodging
 - Level 2.4 Stealth
 - Level 5.1 Shields
 + Level 7.9 Unarmed Combat


You had 5 spell levels left.
You knew the following spells:

 Your Spells              Type           Power        Failure   Level  Hunger
b - Blink                 Tloc           N/A          61%         2    ###....

Inventory:

Armour
 a - a +0 robe (worn)
 k - a +0 helmet (worn)
 s - a +0 buckler (worn)
 t - a +0 cloak (worn)
Jewellery
 e - a ring of poison resistance (left hand)
 l - an amulet of regeneration (around neck)
 A - a ring of see invisible (right hand)
Scrolls
 d - 4 scrolls of identify {unknown}
 j - 3 scrolls of remove curse {unknown}
 m - 3 scrolls of teleportation {unknown}
 o - 4 scrolls of enchant armour {unknown}
 p - 2 scrolls of noise {unknown}
 v - a scroll of enchant weapon {unknown}
 w - a scroll of immolation {unknown}
 y - a scroll of recharging {unknown}
 F - a scroll of random uselessness {unknown}
Potions
 c - a potion of restore abilities {unknown}
 g - 2 potions of cancellation {unknown}
 h - a potion of agility {unknown}
 n - a potion of mutation {unknown}
 q - 2 potions of lignification {unknown}
 r - a potion of heal wounds {unknown}
 z - a potion of magic {unknown}
 C - a potion of resistance {unknown}
 D - a potion of haste {unknown}
Books
 u - a book of Spatial Translocations
Comestibles
 b - 2 bread rations
 f - 4 meat rations
 i - a fruit
 x - a chunk of flesh
 B - a beef jerky

Dungeon Overview and Level Annotations

Branches:
Dungeon (5/15)             Temple (0/1) D:5

Altars:
Cheibriados
Elyvilon
Gozag

.......##..........#
............#..#....
...#.#.....#...#
#.......#....#.#
#..#.#.....###.####.⌠.
#......#.........p'?.>.
...........###.####
..#.....#.####.##(#
#......#...)..oof.#
..........####[####
#..<.....#####.# ..
..............(####..#
#..............(....#
....###......#(£....#
..### #......p.####...#
## #.o..%..o## #..
##..>.##.(## #


You could see an orc warrior and an orc.


Message History

You closely miss the orc warrior.
You bite the orc warrior, but do no damage.
The orc warrior is heavily wounded.
You closely miss the orc warrior.
You bite the orc warrior, but do no damage.
The orc warrior is heavily wounded.
The orc warrior hits you with a scimitar!
* * * LOW HITPOINT WARNING * * *
You completely miss the orc warrior.
The orc warrior is heavily wounded.
The orc warrior hits you with a scimitar.
* * * LOW HITPOINT WARNING * * *
You barely miss the orc warrior.
The orc warrior is heavily wounded.
You closely miss the orc warrior.
You bite the orc warrior, but do no damage.
The orc warrior is heavily wounded.
The orc warrior closely misses you.
You barely miss the orc warrior.
The orc warrior is heavily wounded.
The orc warrior hits you with a scimitar!
* * * LOW HITPOINT WARNING * * *
Drink which item? (? for menu, Esc to quit)
Okay, then.
You completely miss the orc warrior.
You bite the orc warrior, but do no damage.
The orc warrior is heavily wounded.
The orc warrior hits you with a scimitar!!
Ouch! That really hurt!
You die...

Action                   |  1- 3 |  4- 6 |  7- 9 || total
-------------------------+-------+-------+-------++-------
Melee: Unarmed           |   100 |   271 |    68 ||   439
 Stab: Sleeping          |     2 |     5 |       ||     7
       Distracted        |     1 |       |       ||     1
  Eat: Chunk             |     1 |     8 |       ||     9

Vault maps used:
D:1:      lightli_molten_gateway, hangedman_abyss_or_decor_stabs,
          minmay_gold_behind_fungi, roderic_serpentine_path
D:2:      grunt_temple_overflow_open, uniq_jessica
D:3:      first_bread, uniq_iyjb
D:4:      serial_park_square1, kennysheep_little_box
D:5:      minmay_temple_entry_hall, serial_glass, glass_columns_a,
          glass_columns_a, glass_columns_a, glass_columns_b, glass_columns_a,
          glass_columns_a, kennysheep_small_square, uniq_eustachio, uniq_pikel

Notes
Turn   | Place    | Note
--------------------------------------------------------------
     0 | D:1      | MarvinPA, the Vine Stalker Monk, began the quest for the Orb.
     0 | D:1      | Reached XP level 1. HP: 11/11 MP: 1/1
   268 | D:1      | Reached skill level 3 in Fighting
   268 | D:1      | Reached XP level 2. HP: 14/16 MP: 3/3
   857 | D:2      | Noticed Jessica
   866 | D:1      | Killed Jessica
   866 | D:1      | Reached XP level 3. HP: 20/20 MP: 4/4
  1079 | D:2      | Found an opulent altar of Gozag.
  1127 | D:2      | Reached XP level 4. HP: 25/25 MP: 5/5
  1145 | D:2      | Found a snail-covered altar of Cheibriados.
  1267 | D:2      | Reached skill level 5 in Unarmed Combat
  1285 | D:2      | Reached skill level 1 in Shields
  1544 | D:3      | Reached XP level 5. HP: 28/28 MP: 7/7
  1988 | D:3      | Learned a level 2 spell: Blink
  2025 | D:3      | Noticed Ijyb
  2040 | D:3      | Killed Ijyb
  2541 | D:4      | Reached skill level 2 in Shields
  2602 | D:4      | Found a white marble altar of Elyvilon.
  2674 | D:4      | Gained mutation: You heal very quickly. [vine stalker growth]
  2674 | D:4      | Reached XP level 6. HP: 32/32 MP: 8/8
  2729 | D:4      | Reached skill level 3 in Shields
  2729 | D:4      | Reached skill level 6 in Unarmed Combat
  3155 | D:5      | Entered Level 5 of the Dungeon
  3155 | D:5      | Noticed Pikel
  3250 | D:5      | Noticed Eustachio
  3376 | D:5      | Reached XP level 7. HP: 33/36 MP: 9/9
  3451 | D:5      | Killed Pikel
  3451 | D:5      | Reached skill level 5 in Shields
  3451 | D:5      | Reached skill level 7 in Unarmed Combat
  3451 | D:5      | Gained mutation: You have razor-sharp teeth. [vine stalker growth]
  3451 | D:5      | Reached XP level 8. HP: 14/41 MP: 4/11
  3464 | D:5      | Found a staircase to the Ecumenical Temple.
  3477 | D:5      | Killed Eustachio
  3500 | D:5      | Demolished by an orc warrior

Vanquished Creatures
  Pikel (D:5)
  Eustachio (D:5)
  A slave (D:4)
  A sky beast (D:5)
  2 orc priests (D:4)
  3 orc wizards (D:4)
  3 worker ants
  Ijyb (D:3)
  Jessica (D:1)
  7 adders
  A giant mite (D:4)
  A shadow imp (D:4)
  2 worms (D:2)
  An ooze (D:3)
  16 orcs
  5 bats
  10 goblins
  14 hobgoblins
  13 kobolds
  2 giant cockroaches
  4 giant newts
  3 quokkas
  6 rats
  A fungus (D:1)
100 creatures vanquished.

Vanquished Creatures (others)
  A rat (D:5)
1 creature vanquished.

Grand Total: 101 creatures vanquished
